 Dungeon Crawl Stone Soup version 0.32-a0-921-g04a7ad8e02 (webtiles) character file.

Game seed: 3351485282077372731

14404 GeoRichter the Adept (level 11, -2/86 HPs)
             Began as a Demonspawn Fire Elementalist on Apr 12, 2024.
             Was a Believer of Sif Muna.
             Engulfed by a cloud of flame (27 damage)
             ... on level 8 of the Dungeon.
             The game lasted 00:28:55 (17121 turns).

GeoRichter the Adept (DsFE)                        Turns: 17121, Time: 00:28:56

Health: -2/86      AC: 12    Str: 10    XL:     11   Next: 88%
Magic:  32/32      EV: 11    Int: 24    God:    Sif Muna [**....]
Gold:   436        SH:  0    Dex: 14    Spells: 17/26 levels left

rFire   . . .        u - +5 dagger (elec)
rCold   . . .        (no shield)
rNeg    . . .        D - +0 steam dragon scales
rPois   +            (no helmet)
rElec   .            a - +0 cloak {rPois}
rCorr   .            J - +2 pair of gloves
SInv    .            (no boots)
Will    .....        (no amulet)
Stlth   +            I - ring of magical power
HPRegen 0.34/turn    E - +6 ring of intelligence
MPRegen 0.23/turn

%: no passive effects
@: about to teleport, very slow
A: icy blue scales 2, foul stench 2, condensation shield, demonic touch 2
a: Renounce Religion, Channel Magic


You were on level 8 of the Dungeon.
You worshipped Sif Muna.
Sif Muna was pleased with you.
You visited 3 branches of the dungeon, and saw 14 of its levels.
You also visited: Ossuary.

You collected 835 gold pieces.
You spent 399 gold pieces at shops.

Inventory:

Hand Weapons
 u - a +5 dagger of electrocution (weapon)
   (You took it off an orc on level 4 of the Dungeon)
Missiles
 y - 2 throwing nets {!f}
Armour
 a - a +0 cloak of poison resistance (worn)
   (You took it off Maurice on level 8 of the Dungeon)
 D - +0 steam dragon scales (worn)
   (You found it on level 7 of the Dungeon)
 J - a +2 pair of gloves (worn)
   (You found it on level 10 of the Dungeon)
Jewellery
 e - a ring of fire
   (You found it on level 6 of the Dungeon)
 p - a ring of protection from fire
   (You found it on level 1 of the Lair of Beasts)
 A - a ring of protection from cold
   (You found it on level 1 of the Lair of Beasts)
 E - a +6 ring of intelligence (right hand)
   (You found it on level 8 of the Dungeon)
 H - a ring of ice
   (You found it on level 9 of the Dungeon)
 I - a ring of magical power (left hand)
   (You found it on level 10 of the Dungeon)
Wands
 o - a wand of paralysis (17)
   (You found it on level 3 of the Dungeon)
 L - a wand of flame (4)
   (You found it on level 1 of the Lair of Beasts)
Scrolls
 b - a scroll of noise {!r}
 c - a scroll of vulnerability {unknown}
 h - 2 scrolls of amnesia
 m - 2 scrolls of enchant armour
 v - a scroll of teleportation {@r4}
 w - a scroll of fog {unknown}
 x - a scroll of revelation {unknown}
 B - a scroll of silence {unknown}
Potions
 d - a potion of haste {@q3}
 f - 4 potions of mutation {!q}
 g - 2 potions of ambrosia
 j - a potion of brilliance {unknown}
 k - 2 potions of magic
 l - a potion of lignification {unknown}
 n - a potion of attraction {!q}
 r - a potion of invisibility {unknown}
 s - 5 potions of curing {@q1}
 t - 2 potions of enlightenment
 C - 2 potions of resistance
 F - a potion of heal wounds {unknown}
 G - a potion of cancellation {unknown}
Miscellaneous
 K - a Gell's gravitambourine (1/2)
   (You found it on level 10 of the Dungeon)


   Skills:
 + Level 8.1 Fighting
 * Level 4.5 Short Blades
 - Level 1.7 Dodging
 - Level 1.7 Stealth
 - Level 8.0 Spellcasting
 - Level 8.0 Conjurations
 - Level 5.0 Translocations
 - Level 2.6 Fire Magic
 - Level 4.0 Alchemy
 - Level 12.0 Invocations
 - Level 4.0 Evocations


You had 17 spell levels left.
You knew the following spells:

 Your Spells              Type           Power      Damage    Failure   Level
a - Foxfire               Conj/Fire      100%       2x1d9     1%          1
b - Iskenderun's Mystic Conj/Tloc 40%            2d9        (+2d5     4%          4
c - Magic Dart            Conj           100%       1d8       1%          1
d - Mephitic Cloud        Conj/Alch/Air  28%        N/A       3%          3

Your spell library contained the following spells:

 Spells                   Type           Power      Damage    Failure   Level
 Blink                    Tloc           66%        N/A       1%          2
 Scorch                   Fire           44%        2d6       3%          2
 Dazzling Flash           Conj/Hex       56%        N/A       3%          3
 Volatile Blastmotes      Fire/Tloc      56%        2d14      4%          3
 Flame Wave               Conj/Fire      35%        2d10      7%          4
 Call Imp                 Summ           18%        N/A       10%         2
 Inner Flame              Hex/Fire       16%        N/A       11%         3
 Tukima's Dance           Hex            9%         N/A       19%         3
 Dimensional Bullseye     Hex/Tloc       10%        N/A       22%         4
 Curse of Agony           Necr           9%         N/A       87%         5
 Silence                  Hex/Air        4%         N/A       87%         5


Dungeon Overview and Level Annotations

Branches:
Dungeon (11/15) Zot: 25254  Temple (1/1) D:4 Zot: 5969    Lair (2/5) D:8 Zot: 10520
    Orc (0/2) D:10        Ossuary (visited)
  Swamp: Lair:2-3    Shoals: Lair:2-3     Snake: Lair:2-3    Spider: Lair:2-3

Altars:
Ashenzari
Cheibriados
Dithmenos
Fedhas
Gozag
Hepliaklqana
Kikubaaqudgha
Makhleb
Nemelex Xobeh
Okawaru
Qazlal
Ru
Sif Muna
Trog
Uskayaw
Vehumet
Wu Jian
Xom
Yredelemnul
Beogh

Shops:
D:1 ?

Annotations:
Temple 2 transporters


Innate Abilities, Weirdness & Mutations

You are mostly covered in icy blue scales. (AC +3)
You sometimes emit foul miasma when damaged in melee.
A meltable shield of frost defends you. (SH +0)
Your touch may inflict irresistible damage on your foes.


Message History

The fiery explosion engulfs your butterfly!!
Your butterfly disappears in a burst of colours!
Your butterfly explodes! x2
The fiery explosion engulfs your butterfly!!!
Your butterfly disappears in a burst of colours!
Your butterfly explodes!
The fiery explosion engulfs your butterfly!!
Your butterfly disappears in a burst of colours!
Your butterfly explodes! x2; The death yak explodes!
Your butterfly explodes!
The fiery explosion engulfs your butterfly!!
Your butterfly disappears in a burst of colours!
Your butterfly explodes!
The fiery explosion engulfs you but does no damage.
Your condensation shield dissipates!
The fiery explosion engulfs the death yak!!
Flame seeps out of the death yak.
The death yak is moderately wounded.
Your butterfly explodes!
The fiery explosion engulfs your butterfly!!
Your butterfly disappears in a burst of colours!
Your butterfly explodes!
Your butterfly is engulfed in blazing flames.
Your butterfly disappears in a burst of colours!
Your butterfly explodes!
The death yak is engulfed in blazing flames.
Flame seeps out of the death yak.
Your butterfly is engulfed in a cloud of scalding steam.
Your butterfly disappears in a burst of colours!
Your butterfly explodes!
Your butterfly is engulfed in blazing flames.
Your butterfly disappears in a burst of colours!
Your butterfly explodes!
The fiery explosion engulfs the death yak!!
Flame seeps out of the death yak.
The death yak is heavily wounded.
The death yak is engulfed in blazing flames.
Flame seeps out of the death yak.
The death yak gores you.
You emit a cloud of foul miasma!
Your butterfly is engulfed in blazing flames.
Your butterfly disappears in a burst of colours!
Your butterfly explodes!
The fiery explosion engulfs your butterfly!!
Your butterfly disappears in a burst of colours!
Your butterfly explodes!
The fiery explosion engulfs you!!
* * * LOW HITPOINT WARNING * * *
Okay, then.
As you read the scroll of teleportation {@r4}, it crumbles to dust.
You feel strangely unstable.
You are engulfed in blazing flames.
You die...

.## ###.....................##
..## ###........##.........##...
...## #.........####........###..
#...####.......## ##.....#.<.....
##>...##........###......##......
##...............~..............
##.............§§§..~..~÷.÷.....
#..........~~.b§§§§§§§.~........
##........~≈~~bb@§§§§§§~~........
#........~≈≈≈≈≈~Y§§§§§§~.~≈......
#.....#.....~≈~≈§§§§§.§~≈........
.....##...~b~~~.§°§§§§§§.~~~.....
....###.......§§§§§§§§§§≈≈.......
....###..~≈~~~§§§§§§§§§§≈~.~.....
.....##..~~≈≈≈§§§§§§§§§§~~....##.
.....#....~~≈~.≈§§§§~§§§~....##..
..........~.~.~≈§≈≈≈≈≈§~~~.......


You could see a death yak (inner flame, ally target).

Vanquished Creatures
  A hydra (Lair:1)
  5 death yaks
  The ghost of P0WERM0DE the Chopper, a novice CoCK of Cheibriados (D:6)
  Maurice (D:8)
  A torpor snail (Lair:1)
  Jeremiah (D:7)
  2 cane toads (Lair:1)
  2 kobold demonologists (D:9)
  A komodo dragon (D:10)
  Psyche (D:8)
  A troll (D:8)
  A hornet (D:8)
  Sigmund (D:5)
  2 humans (D:7)
  15 yaks
  A steam dragon (D:7)
  Edmund (D:5)
  A water moccasin (D:7)
  7 ice beasts
  8 orc warriors
  2 black bears
  A centaur (D:9)
  3 wolves (D:8)
  A phantom (D:4)
  2 kobold brigands
  8 bullfrogs
  2 scorpions
  2 gnoll sergeants
  6 wights
  8 killer bees
  A howler monkey (D:10)
  An electric eel (D:8)
  A wyvern simulacrum (D:6)
  4 hounds
  A gnoll bouda (D:8)
  A jelly (D:6)
  5 orc priests
  2 sleepcaps
  4 orc wizards
  An iguana (D:6)
  A centaur simulacrum (D:6)
  2 bullfrog simulacra (D:6)
  8 mummies (Ossuary)
  14 gnolls
  12 adders
  3 white imps (D:6)
  A howler monkey simulacrum (D:6)
  2 ufetubi (D:6)
  5 dart slugs
  A ribbon worm (D:3)
  34 orcs
  10 endoplasms
  3 giant cockroaches (D:4)
  4 goblins
  4 hobgoblins
  6 jackals
  4 quokkas
  8 ball pythons
  5 bats
  4 frilled lizards
  3 gnoll zombies (Ossuary)
  A hobgoblin zombie (Ossuary)
  14 kobolds
  3 kobold zombies (Ossuary)
  An orc zombie (Ossuary)
  6 rats
269 creatures vanquished.

Vanquished Creatures (others)
  608 foxfires
608 creatures vanquished.

Grand Total: 877 creatures vanquished

Notes
Turn   | Place    | Note
-------+----------+-------------------------------------------
     0 | D:1      | GeoRichter the Demonspawn Fire Elementalist began the quest
                  | for the Orb.
     0 | D:1      | Reached XP level 1. HP: 13/13 MP: 3/3
    84 | D:1      | You fall into a shaft and drop 1 floor!
   334 | D:2      | Gained mutation: You are partially covered in icy blue
                  | scales. (AC +2) [demonic ancestry]
   334 | D:2      | Reached XP level 2. HP: 19/19 MP: 3/5
   921 | D:1      | Gained mutation: You may rarely emit foul miasma when
                  | damaged in melee. [demonic ancestry]
   921 | D:1      | Reached XP level 3. HP: 24/24 MP: 4/6
  1052 | D:1      | Found Miofuj's Magic Scroll Boutique.
  1077 | D:1      | Bought a scroll of identify for 28 gold pieces
  1077 | D:1      | Bought a scroll of fear for 56 gold pieces
  2078 | D:2      | Reached XP level 4. HP: 30/30 MP: 2/7
  2877 | D:3      | Found a bloodstained altar of Trog.
  3790 | D:4      | Found a sand-covered staircase.
  3795 | Ossuary  | Entered an ossuary
  3927 | Ossuary  | Gained mutation: A meltable shield of frost defends you.
                  | (SH +0) [demonic ancestry]
  3927 | Ossuary  | Reached XP level 5. HP: 35/35 MP: 2/8
  4097 | Ossuary  | Reached skill level 5 in Conjurations
  4463 | D:4      | Found an ancient bone altar of Kikubaaqudgha.
  4803 | D:4      | Noticed a phantom
  4810 | D:4      | Killed a phantom
  4811 | D:4      | Gained mutation: You sometimes emit foul miasma when
                  | damaged in melee. [demonic ancestry]
  4811 | D:4      | Reached XP level 6. HP: 41/41 MP: 2/10
  5089 | D:4      | Found a staircase to the Ecumenical Temple.
  5119 | Temple   | Found a transporter.
  5119 | Temple   | Found a transporter.
  5119 | Temple   | Found a transporter.
  5119 | Temple   | Found a transporter.
  5119 | Temple   | Entered the Ecumenical Temple
  5134 | Temple   | Became a worshipper of Sif Muna the Loreminder
  5221 | D:4      | Found a burning altar of Makhleb.
  5883 | D:5      | Entered Level 5 of the Dungeon
  5883 | D:5      | Noticed Sigmund
  5905 | D:5      | Killed Sigmund
  5906 | D:5      | Gained mutation: Your touch may inflict minor irresistible
                  | damage on your foes. [demonic ancestry]
  5906 | D:5      | Reached XP level 7. HP: 9/46 MP: 8/12
  6070 | D:5      | Found a hide-covered altar of Uskayaw.
  6173 | D:5      | Noticed Edmund
  6188 | D:5      | Killed Edmund
  6527 | D:5      | Gained mutation: You are mostly covered in icy blue scales.
                  | (AC +3) [demonic ancestry]
  6527 | D:5      | Reached XP level 8. HP: 47/52 MP: 9/15
  6532 | D:5      | Learned a level 4 spell: Iskenderun's Mystic Blast
  6585 | D:5      | Reached skill level 1 in Translocations
  6800 | D:6      | Reached skill level 5 in Spellcasting
  7341 | D:6      | Noticed P0WERM0DE's ghost (novice CoCK)
  7557 | D:6      | Found a runed translucent gate.
  7557 | D:6      | Found a runed translucent gate.
  7558 | D:6      | Found a runed translucent gate.
  7817 | D:7      | Noticed Jeremiah
  8174 | D:7      | Killed Jeremiah
  8175 | D:7      | Reached skill level 5 in Translocations
  8175 | D:7      | Reached XP level 9. HP: 16/57 MP: 17/19
  8364 | D:7      | Reached skill level 1 in Invocations
  8365 | D:7      | Reached skill level 1 in Fighting
  8365 | D:7      | Reached skill level 2 in Invocations
  8431 | D:7      | Found a shimmering altar of Xom.
  8436 | D:7      | Reached * piety under Sif Muna
  8621 | D:7      | Reached skill level 3 in Invocations
  9108 | D:7      | Found a radiant altar of Vehumet.
  9170 | D:7      | Reached skill level 4 in Invocations
  9342 | D:8      | Reached skill level 5 in Invocations
  9448 | D:8      | Noticed Maurice
  9463 | D:7      | HP: 2/62 [human/+0 long sword (12)]
  9470 | D:7      | Reached skill level 6 in Invocations
  9670 | D:8      | Maurice stole 2 throwing nets {!f}
  9679 | D:8      | Killed Maurice
  9712 | D:7      | Reached skill level 7 in Invocations
  9921 | D:8      | Gained mutation: Your touch may inflict irresistible damage
                  | on your foes. [demonic ancestry]
  9921 | D:8      | Reached XP level 10. HP: 71/71 MP: 5/21
 10014 | D:7      | Learned a level 1 spell: Magic Dart
 10176 | D:8      | Found a sacrificial altar of Ru.
 10569 | D:8      | Found a shadowy altar of Dithmenos.
 10616 | D:8      | Noticed Psyche
 10623 | D:8      | Reached skill level 8 in Invocations
 10890 | D:8      | Killed Psyche
 10944 | D:8      | Found an iron altar of Okawaru.
 11037 | D:8      | Found a staircase to the Lair.
 11793 | D:8      | Learned a level 3 spell: Mephitic Cloud
 11898 | D:9      | Reached ** piety under Sif Muna
 11899 | D:9      | Reached skill level 1 in Alchemy
 11899 | D:9      | Reached skill level 9 in Invocations
 11991 | D:9      | Identified the +2 leather armour of the Gastropod {rPois
                  | Str+6}
 12235 | D:9      | Reached skill level 5 in Fighting
 12509 | D:10     | Entered Level 10 of the Dungeon
 12626 | D:10     | Reached skill level 10 in Invocations
 13596 | D:10     | Found a roughly hewn altar of Beogh.
 13596 | D:10     | Found a staircase to the Orcish Mines.
 14068 | D:6      | Reached skill level 11 in Invocations
 14102 | D:6      | Killed P0WERM0DE's ghost
 14103 | D:6      | Reached XP level 11. HP: 68/81 MP: 2/23
 14577 | Lair:1   | Entered Level 1 of the Lair of Beasts
 14734 | D:8      | Reached skill level 1 in Evocations
 14866 | Lair:1   | Reached skill level 12 in Invocations
 14999 | Lair:1   | Noticed a death yak
 14999 | Lair:1   | Noticed a death yak
 14999 | Lair:1   | Noticed a death yak
 15055 | D:8      | Killed a death yak
 15188 | Lair:1   | Killed a death yak
 15188 | Lair:1   | Reached *** piety under Sif Muna
 15334 | D:1      | Bought a scroll of enchant weapon for 105 gold pieces
 15334 | D:1      | Bought a scroll of enchant weapon for 105 gold pieces
 15334 | D:1      | Bought a scroll of enchant armour for 105 gold pieces
 15518 | Lair:1   | You fall into a shaft and drop 1 floor!
 15622 | Lair:1   | Reached skill level 1 in Short Blades
 15693 | Lair:1   | Noticed an eight-headed hydra
 15706 | Lair:1   | Killed an eight-headed hydra
 16188 | Lair:1   | Noticed a death yak
 16188 | Lair:1   | HP: 4/85 [death yak (8)]
 16460 | Lair:1   | Noticed a death yak
 16460 | Lair:1   | Noticed a death yak
 16494 | Lair:1   | HP: 1/85 [death yak (12)]
 16757 | Lair:1   | Killed a death yak
 16987 | D:8      | Killed a death yak
 17119 | D:8      | Killed a death yak
 17121 | D:8      | Engulfed by a cloud of flame

Illustrated notes

Levels and vault maps discovered:
D:1:      scummos_arrival_simple_fountains, layout_loops_corners, serial_shops,
          nicolae_shop_rolling_square
D:2:      layout_loops_ring, serial_co_window_serial, co_window_corner_a,
          co_window_paths_b, co_window_corner_a, co_window_paths_b,
          co_window_paths_a, co_window_paths_b, co_window_corner_a,
          co_window_cross_4, co_window_broadway_c, co_window_unsneaky_path_b,
          co_window_broadway_a, co_window_broadway_b, glass_columns_a,
          glass_columns_b, amcnicky_mini_pool_small
D:3:      layout_basic, mainiacjoe_overflow_concentric_impassable
D:4:      layout_basic, marbit_many_paths, kiku_gazebo_pond_becter,
          mainiacjoe_overflow_swirl, minmay_temple_entry_crystal_x,
          enter_ossuary_2
D:5:      layout_loops_ring, nicolae_uskayaw_murder_on_the_dancefloor,
          uniq_edmund, uniq_sigmund
D:6:      layout_cave_pools, gammafunk_ghost_icy
D:7:      layout_basic, mainiacjoe_overflow_alcove_2,
          mainiacjoe_overflow_boulevard, uniq_jeremiah
D:8:      layout_layer_cave, okawaru_humans, mainiacjoe_overflow_paths,
          mainiacjoe_overflow_24_doors, erik_lair_island, uniq_maurice,
          uniq_psyche
D:9:      layout_long_grid
D:10:     layout_long_grid, david_orc_5, kennysheep_generic_room_14
D:11:     layout_roguey, eino_jars, uniq_fannar, uniq_sonja
Temple:   hellmonk_temple_divided_pantheon
Lair:1:   layout_hall_layers, serial_bayou_shore_b, serial_bayou_shore_a
Lair:2:   layout_chaotic_city, skrybe_swamp_entry_bodies, nzn_ghost_randoct,
          serial_bayou_pond_b

Skill      XL: |  1  2  3  4  5  6  7  8  9 10 11 |
---------------+----------------------------------+-----
Conjurations   | 2 3 4 5 6 8 |  8.0
Spellcasting   | 3 4 6 7 8 |  8.0
Translocations | 5 |  5.0
Invocations    | 7 11 12 | 12.0
Fighting       | 3 6 8 |  8.1
Alchemy        | 3 4 |  4.0
Evocations     | 4 |  4.0
Short Blades   | 4 |  4.5
Dodging        | |  1.7
Stealth        | |  1.7
Fire Magic     | |  2.6

Action                     |  1- 3 |  4- 6 |  7- 9 | 10-12 || total
---------------------------+-------+-------+-------+-------++-------
  Melee: Dagger            |     6 |    26 |    84 |   166 ||   282
         Hand axe          |       |    19 |       |       ||    19
         Touch             |       |       |    12 |    42 ||    54
   Cast: Foxfire           |    64 |   137 |   121 |    30 ||   352
         Iskenderun's Myst |       |       |    28 |   101 ||   129
         Magic Dart        |       |       |       |   117 ||   117
         Mephitic Cloud    |       |       |       |    12 ||    12
 Invoke: Channel Magic     |       |       |       |     2 ||     2
  Evoke: Wand              |       |       |     8 |     1 ||     9
         Gell's gravitambo |       |       |       |     1 ||     1
    Use: Potion            |     1 |       |       |     1 ||     2
         Scroll            |     3 |     3 |     5 |    11 ||    22
   Stab: Sleeping          |     1 |     1 |       |       ||     2
         Paralysed         |       |       |    14 |     2 ||    16
         Confused          |       |       |       |     7 ||     7
 Armour: Robe              |    26 |    33 |    47 |       ||   106
         Steam dragon scal |       |       |    39 |   175 ||   214
  Dodge: Dodged            |     9 |    26 |    54 |    93 ||   182
  Block: Other             |       |     2 |    11 |    29 ||    42

Table legend: (Time is in decaauts)
 A = Elapsed time spent in this place.
 B = Non-inter-level travel time spent in this place.
 C = Inter-level travel time spent in this place.
 D = Time resting spent in this place.
 E = Time spent auto-exploring this place.
 F = Levels seen in this place.
 G = Mean time per level.
                   A        B        C        D        E       F      G
               +--------+--------+--------+--------+--------+-----+--------+
         Total |  17160 |  16283 |    877 |   1305 |  12399 |  15 | 1144.0 |
       Dungeon |  15072 |  14211 |    861 |   1292 |  10943 |  11 | 1370.2 |
        Temple |     30 |     17 |     13 |      0 |      0 |   1 |   30.0 |
          Lair |   1479 |   1476 |      3 |     13 |   1039 |   2 |  739.5 |
       Ossuary |    578 |    578 |      0 |      0 |    416 |   1 |  578.0 |
               +--------+--------+--------+--------+--------+-----+--------+

Top non-repeatable levels by time:
     D:8: 2510 daAuts
     D:7: 2124 daAuts
     D:6: 1705 daAuts
     D:4: 1596 daAuts
     D:2: 1557 daAuts
  Lair:1: 1475 daAuts
     D:1: 1283 daAuts
    D:10: 1133 daAuts
     D:5: 1101 daAuts
     D:9: 1054 daAuts
     D:3: 1003 daAuts
 Ossuary: 578 daAuts
  Temple: 30 daAuts
  Lair:2: 3 daAuts
    D:11: 1 daAuts
